 Dungeon Crawl Stone Soup version 0.30-a0-283-gf371ce1921 (webtiles) character file.

Game seed: 841440391729982286

7 MrRokkomies the Sneak (level 1, -8/19 HPs)
             Began as an Armataur Delver on Oct 17, 2022.
             Mangled by an iguana (9 damage)
             ... on level 4 of the Dungeon.
             The game lasted 00:00:35 (80 turns).

MrRokkomies the Sneak (Armataur Delver)               Turns: 80, Time: 00:00:37

Health: -8/19      AC:  4    Str: 17    XL:     1   Next: 83%
Magic:  1/1        EV:  9    Int: 10    God:
Gold:   11         SH:  0    Dex: 11    Spells: 0/0 levels left

rFire   . . .      SeeInvis .    a - +0 mace
rCold   . . .      Faith    .    (no shield)
rNeg    . . .      Spirit   .    b - +0 leather armour
rPois   .          Reflect  .    (no helmet)
rElec   .          Harm     .    (no cloak)
rCorr   .          Roll     +    (no gloves)
Will    .....                    (no barding)
Stlth   +++.......               (no amulet)
HPRegen 0.23/turn                (no ring)
MPRegen 0.07/turn                (no ring)

@: no status effects
A: large, rugged brown scales 3, deformed body, armoured tail, roll, long
tongue, awkward tongue
a: no special abilities


You were on level 4 of the Dungeon.
You visited 1 branch of the dungeon, and saw 2 of its levels.

You collected 11 gold pieces.

Inventory:

Hand Weapons
 a - a +0 mace (weapon)
Missiles
 i - 3 boomerangs of dispersal (quivered)
Armour
 b - a +0 leather armour (worn)
Wands
 g - a wand of digging (3)
Scrolls
 c - a scroll of fog
 d - a scroll of magic mapping
 e - a scroll of fear
 h - 2 scrolls of teleportation {unknown}
Potions
 f - a potion of haste


   Skills:
 * Level 2.9 Fighting
 - Level 1.7 Maces & Flails
 * Level 1.0 Armour
 + Level 1.5 Dodging
 - Level 5.4 Stealth


You couldn't memorise any spells.
You didn't know any spells.
Your spell library was empty.

Dungeon Overview and Level Annotations

Branches:
Dungeon (5/15)
 Temple: D:4-7

Altars:


Innate Abilities, Weirdness & Mutations

You are completely covered in rugged brown scales. (AC +3, +7% HP)
Armour fits poorly on your strangely shaped body.
You have a long armoured tail.
You roll when moving toward enemies. (Rampage)
Your long tongue fully drains potion bottles. (2x potion effects)
Your tongue gives you trouble enunciating. (1.5x scroll delay)


Message History

i - 3 boomerangs of dispersal You now have 11 gold pieces.
Found a potion of haste.
An orc comes into view. It is wielding a +0 whip.
The endoplasm quivers.
You barely miss the endoplasm. The endoplasm freezes you.
You are frozen.
The endoplasm freezes you.
You are frozen.
You hit the endoplasm.
You kill the endoplasm!
The orc shouts!
A hobgoblin comes into view.
Found a scroll labelled WOUPIUR GIEMA.
An iguana comes into view.
The hobgoblin shouts!
You sock the orc!
You kill the orc!
Your Armour skill increases to level 1!
Things that are here:
a +0 whip; a +0 leather armour; an orc corpse The hobgoblin hits you but does no damage.
You barely miss the hobgoblin. The hobgoblin hits you. x2
The iguana bites you.
You closely miss the iguana. The hobgoblin closely misses you.
The iguana barely misses you.
You hit the iguana.
Your tail-slap misses the iguana.
The iguana is lightly wounded.
The hobgoblin hits you.
* * * LOW HITPOINT WARNING * * *
The iguana bites you but does no damage.
You hit the iguana.
The iguana is lightly wounded.
The hobgoblin hits you but does no damage.
The iguana bites you.
* * * LOW HITPOINT WARNING * * *
The hobgoblin hits you but does no damage.
The iguana bites you!
You die...

#.....≈...≈.....≈...≈..
##.≈....#....≈.§..#....
#.....≈...≈....§§...≈..
##.#.#.......#.#^.......
#.......#.#....
#.≈...§.....≈..
#...#....≈....#
#.§...≈.g...≈..
#.....)@#.#....
#..#.#..l....#.
#.!....§...≈...
...#.≈....#....≈
..#.#....≈...§...
###.?..#...#...#.
###............
#.....#######


You could see an iguana and a hobgoblin.

Vanquished Creatures
  2 orcs (D:4)
  An endoplasm (D:4)
  A hobgoblin (D:4)
4 creatures vanquished.

Notes
Turn   | Place    | Note
-------+----------+-------------------------------------------
     0 | D:5      | MrRokkomies the Armataur Delver began the quest for the
                  | Orb.
     0 | D:5      | Reached XP level 1. HP: 19/19 MP: 1/1
    73 | D:4      | Noticed an iguana
    75 | D:4      | Reached skill level 1 in Armour
    80 | D:4      | Mangled by an iguana

Illustrated notes

Levels and vault maps discovered:
D:4:      layout_basic, bloody_makhleb, nicolae_kite_square_tiling_tiny,
          uniq_menkaure, uniq_edmund
D:5:      layout_rooms, portal_sewer_entry_e, minmay_mini_ossuary,
          uniq_blork_the_orc

Skill      XL: |  1 |
---------------+----+-----
Armour         | 1 |  1.0
Fighting       | |  2.9
Maces & Flails | |  1.7
Dodging        | |  1.5
Stealth        | |  5.4

Action                   || total
-------------------------++-------
Melee: Mace              ||    16
Armor: Leather armour    ||     5
Dodge: Dodged            ||     7

Table legend: (Time is in decaauts)
 A = Elapsed time spent in this place.
 B = Non-inter-level travel time spent in this place.
 C = Inter-level travel time spent in this place.
 D = Time resting spent in this place.
 E = Time spent auto-exploring this place.
 F = Levels seen in this place.
 G = Mean time per level.
                   A        B        C        D        E       F      G
               +--------+--------+--------+--------+--------+-----+--------+
         Total |     84 |     84 |      0 |      0 |     35 |   2 |   42.0 |
       Dungeon |     84 |     84 |      0 |      0 |     35 |   2 |   42.0 |
               +--------+--------+--------+--------+--------+-----+--------+

Top non-repeatable levels by time:
     D:4: 76 daAuts
     D:5: 8 daAuts
